 Dungeon Crawl Stone Soup version 0.17-a0-1533-g2f57bce (webtiles) character file.

240 Pandaemon the Charmwright (level 5, -2/45 HPs)
             Began as a Draconian Skald on July 17, 2015.
             Killed by divine providence
             ... invoked by an orc priest
              (15 damage)
             ... on level 3 of the Dungeon.
             The game lasted 00:13:40 (2716 turns).

Pandaemon the Charmwright (Draconian Skald)         Turns: 2716, Time: 00:13:40

Health: -2/45      AC:  7    Str: 14    XL:     5   Next: 80%
Magic:  7/8        EV: 13    Int: 16    God:
Gold:   137        SH:  0    Dex: 11    Spells: 1 memorised, 8 levels left

rFire  . . .     SeeInvis .     f - +3 whip (elec)
rCold  . . .     Clarity  .     (armour unavailable)
rNeg   . . .     SustAt   .     (no shield)
rPois  .         Gourm    .     (helmet restricted)
rElec  .         Spirit   .     p - +1 cloak
rCorr  .         Warding  .     (no gloves)
rMut   .         Stasis   .     (no boots)
MR     .....                    (no amulet)
Stlth  +.........               (no ring)
                                o - +3 ring of intelligence

@: not resistant to hostile enchantments, very unstealthy
A: unfitting armour, cold-blooded, AC +5
a: no special abilities


You were on level 3 of the Dungeon.
You were not hungry.

You visited 1 branch of the dungeon, and saw 3 of its levels.

You collected 137 gold pieces.

Inventory:

Hand weapons
 a - a +0 short sword
 f - a +3 whip of electrocution (weapon)
 j - a +0 whip
 w - a +0 dagger of venom
Missiles
 k - 132 stones (quivered)
Armour
 d - a +0 robe
 p - a +1 cloak (worn)
Jewellery
 o - a +3 ring of intelligence (left hand)
Scrolls
 e - a scroll of teleportation {unknown}
 q - a scroll of fog
 s - a scroll of identify
 u - a scroll of noise
Potions
 g - a potion of heal wounds
 h - 2 potions of lignification
 r - a potion of brilliance
Books
 b - a book of Battle

   Spells                             Type                      Level
   a - Infusion                       Charms                       1
   b - Shroud of Golubria             Charms/Translocation         2
   c - Song of Slaying                Charms                       2
   d - Spectral Weapon                Hexes/Charms                 3
   e - Regeneration                   Charms/Necromancy            3
 x - a book of Power

   Spells                             Type                      Level
   a - Fulminant Prism                Conjuration/Hexes            4
   b - Iskenderun's Mystic Blast      Conjuration                  4
   c - Venom Bolt                     Conjuration/Poison           5
   d - Bolt of Magma                  Conjuration/Fire/Earth       5
   e - Iron Shot                      Conjuration/Earth            6
   f - Orb of Destruction             Conjuration                  7
   g - Spellforged Servitor           Conjuration/Summoning        7
Comestibles
 c - 2 bread rations
 l - a beef jerky
 m - 4 fruits
 n - a meat ration
 z - 2 chunks of flesh


   Skills:
 * Level 3.3 Fighting
 - Level 2.4 Short Blades
 * Level 1.1 Maces & Flails
 + Level 3.1 Dodging
 + Level 0.8 Stealth
 * Level 2.6 Spellcasting
 * Level 3.7 Charms


You had 8 spell levels left.
You knew the following spells:

 Your Spells              Type           Power        Failure   Level  Hunger
a - Infusion              Chrm           ##....       6%          1    #......


Dungeon Overview and Level Annotations

Branches:
Dungeon (3/15)

Altars:
Elyvilon


Innate Abilities, Weirdness & Mutations

Your plain brown scales are hard (AC +5).
Your body does not fit into most forms of armour.
You are cold-blooded and may be slowed by cold attacks.


Message History

You butcher the goblin corpse.
Things that are here:
a dagger; a chunk of flesh
z - 2 chunks of flesh (gained 1)
The orc closely misses you.
You see here a dagger.
You completely miss the orc. The orc hits you but does no damage.
You barely miss the orc.
You tail-slap the orc, but do no damage.
The orc hits you but does no damage.
You hit the orc but do no damage. The orc hits you but does no damage.
An orc priest comes into view. It is wielding a club.
The orc priest shouts!
You hit the orc but do no damage. The orc hits you with a dagger.
* * * LOW HITPOINT WARNING * * *
You hit the orc.
The orc is moderately wounded.
The orc priest mumbles some strange prayers to Beogh against you.
Something smites you!
You die...

#####.###### #.....#
#.##### #.# # #.# ## #.
####.##### ##. ##..#
#....†...# #..
......######.##.....# #...
.......).@o...........+...
.#.....#####.#o.....###...
....... #.#....#.# ##.<
####.## #.#...##.# ##. #.
#o##W## # ## # #..$.. #
#.. ..# #.# ..#


You could see an orc priest and an orc.

Vanquished Creatures
  A phantom (D:3)
  Terence (D:2)
  A gnoll (D:1)
  4 adders
  2 oozes
  2 worms (D:2)
  2 giant geckos (D:1)
  An orc (D:3)
  5 giant cockroaches
  8 goblins
  10 hobgoblins
  5 jackals (D:3)
  A quokka (D:3)
  2 ball pythons (D:2)
  8 bats
  4 giant newts
  6 kobolds
  5 rats
68 creatures vanquished.

Notes
Turn   | Place    | Note
--------------------------------------------------------------
     0 | D:1      | Pandaemon the Draconian Skald began the quest for the Orb.
     0 | D:1      | Reached XP level 1. HP: 17/17 MP: 3/3
    93 | D:1      | Reached skill level 3 in Charms
   584 | D:1      | Reached XP level 2. HP: 19/25 MP: 5/5
   973 | D:1      | Reached XP level 3. HP: 28/30 MP: 6/6
  1457 | D:2      | Noticed Terence
  1462 | D:2      | Killed Terence
  1462 | D:2      | Reached XP level 4. HP: 30/37 MP: 4/7
  2275 | D:2      | Found a white marble altar of Elyvilon.
  2536 | D:3      | Reached XP level 5. HP: 41/44 MP: 8/8
  2662 | D:3      | Noticed a phantom
  2704 | D:3      | Killed a phantom
  2704 | D:3      | Reached skill level 1 in Maces & Flails
  2716 | D:3      | Killed from afar by an orc priest

Vault maps used:
D:1:      dpeg_arrival_shelter, minmay_splitting_lines
D:2:      lemuel_round_altar, kennysheep_generic_room_8, uniq_terence
D:3:      nicolae_dithmenos_through_a_glass_darkly, vehumet_crystals,
          first_bread

Action                   |  1- 3 |  4- 6 || total
-------------------------+-------+-------++-------
Melee: Short sword       |    63 |       ||    63
       Whip              |    37 |   135 ||   172
 Cast: Infusion          |     3 |     1 ||     4
  Use: Scroll            |       |     6 ||     6
       Potion            |       |     6 ||     6
 Stab: Sleeping          |       |     2 ||     2
  Eat: Chunk             |     1 |     5 ||     6
